 Dungeon Crawl Stone Soup version 0.30-a0-359-gd0147acb1a (webtiles) character file.

Game seed: 12175018609035978463

402 avis the Chiller (level 6, -4/48 HPs)
             Began as a Demigod Ice Elementalist on Nov 11, 2022.
             Slain by an iguana (10 damage)
             ... on level 4 of the Dungeon.
             The game lasted 00:21:18 (4030 turns).

avis the Chiller (Demigod Ice Elementalist)         Turns: 4030, Time: 00:21:18

Health: -4/48      AC:  8    Str:  9    XL:     6   Next: 29%
Magic:  8/22       EV: 13    Int: 17    God:
Gold:   162        SH:  0    Dex: 22    Spells: 4/11 levels left

rFire   . . .      SeeInvis .    a - +5 war axe
rCold   . . .      Faith    .    (no shield)
rNeg    . . .      Spirit   .    o - +0 robe
rPois   .          Reflect  .    (no helmet)
rElec   .          Harm     .    (no cloak)
rCorr   .          Rampage  .    (no gloves)
Will    +....                    (no boots)
Stlth   ++........               (no amulet)
HPRegen 0.28/turn                l - ring of willpower
MPRegen 0.18/turn                n - ring of magical power

@: ice-armoured, freezing walls, very slightly contaminated
A: high MP 1, forlorn, divine attributes
a: no special abilities


You were on level 4 of the Dungeon.
You visited 1 branch of the dungeon, and saw 4 of its levels.

You collected 162 gold pieces.

Inventory:

Hand Weapons
 a - a +5 war axe (weapon)
 g - a +0 short sword
Missiles
 k - 8 poisoned darts (quivered)
Armour
 j - the +3 ring mail "Moeb" {rElec rC+ Dex+4}
   (You found it on level 2 of the Dungeon)

   Dex:       It affects your dexterity (+4).
   rC:        It protects you from cold.
   rElec:     It insulates you from electricity.
 o - a +0 robe (worn)
 u - a +0 pair of boots
Jewellery
 l - a ring of willpower (left hand)
 n - a ring of magical power (right hand)
Wands
 r - a wand of flame (4)
Scrolls
 c - 6 scrolls of identify {unknown}
 e - 5 scrolls of teleportation {unknown}
 f - 2 scrolls of enchant armour {unknown}
 i - a scroll of magic mapping {unknown}
 s - a scroll of blinking {unknown}
Potions
 b - a potion of magic
 d - 3 potions of haste {unknown}
 h - a potion of curing {unknown}
 m - 2 potions of lignification {unknown}
 p - a potion of berserk rage {unknown}
 q - a potion of flight {unknown}
 t - a potion of brilliance {unknown}


   Skills:
 - Level 2.0 Fighting
 - Level 2.0 Armour
 - Level 2.0 Dodging
 - Level 2.0 Stealth
 - Level 3.0 Spellcasting
 * Level 5.7 Ice Magic


You had 4 spell levels left.
You knew the following spells:

 Your Spells              Type           Power      Damage    Failure   Level
a - Freeze                Ice            88%        1d9       1%          1
o - Ozocubu's Armour      Ice            22%        N/A       4%          3
r - Frozen Ramparts       Ice            44%        1d7       4%          3

Your spell library contained the following spells:

 Spells                   Type           Power      Damage    Failure   Level
 Ensorcelled Hibernation  Hex/Ice        24%        N/A       9%          2
 Passwall                 Tmut/Erth      1%         N/A       26%         2
 Swiftness                Air            2%         N/A       45%         3
 Summon Ice Beast         Ice/Summ       12%        N/A       47%         4


Dungeon Overview and Level Annotations

Branches:
Dungeon (4/15)
 Temple: D:4-7


Innate Abilities, Weirdness & Mutations

You have an increased reservoir of magic. (+10% MP)
You shall have no god before yourself.
Your divine heritage dramatically boosts your attributes as you level up.


Message History

Things that are here:
a +0 short sword; a kobold corpse
Casting: Frozen Ramparts (dangerous; 4% risk of failure)
Confirm with . or Enter, or press ? or * to list all spells.
A film of ice covers your body! The orc closely misses you.
You slash the orc!
You kill the orc!
You closely miss the orc. The orc hits you but does no damage.
Casting: Ozocubu's Armour (dangerous; 4% risk of failure)
Confirm with . or Enter, or press ? or * to list all spells.
Casting: Frozen Ramparts (dangerous; 4% risk of failure)
Press: ? - help, Dir - look around, f - activate You miscast Frozen Ramparts.
You are very lightly contaminated with residual magic.
Nothing appears to happen.
The orc barely misses you.
Casting: Frozen Ramparts (dangerous; 4% risk of failure)
Confirm with . or Enter, or press ? or * to list all spells.
Casting: Frozen Ramparts (dangerous; 4% risk of failure)
Press: ? - help, Dir - look around, f - activate The walls around you are covered in ice.
The wall freezes the iguana.
The iguana seems to slow down.
The iguana bites you.
* * * LOW HITPOINT WARNING * * *
The orc closely misses you.
You slash the orc!
You kill the orc!
You barely miss the iguana.
The iguana is no longer moving slowly.
The wall freezes the iguana.
The iguana bites you but does no damage.
You closely miss the iguana.
The iguana is moderately wounded.
The wall freezes the iguana.
The iguana seems to slow down.
The iguana bites you.
* * * LOW HITPOINT WARNING * * *
The wall freezes the iguana.
The iguana bites you.
* * * LOW HITPOINT WARNING * * *
You hit the iguana.
The iguana is severely wounded.
The wall freezes the iguana.
The iguana bites you!
You die...

...........
..>...............# #.
##...)............# #..
....K..>..........# #..#
.#<.S.............##.?#
##..o...l.. ......#..#
.##........ #......
.##.....#.. #.)).#
..#.....##.###.l@.#
.........#....#).)#
...#####..#......## ..#
###.........#
##.##..#...##...###########
#........## ##..##........#
...........###..........[.#
...<....$................##
.............##.##........#


You could see an iguana (slow).

Vanquished Creatures
  Sigmund (D:3)
  A jelly (D:4)
  An orc wizard (D:4)
  Terence (D:3)
  6 adders
  A river rat (D:3)
  4 worms
  A dart slug (D:2)
  7 orcs
  3 ball pythons
  12 endoplasms
  3 goblins (D:1)
  5 hobgoblins
  6 jackals (D:1)
  2 quokkas (D:1)
  10 bats
  4 frilled lizards
  9 kobolds
  8 rats
85 creatures vanquished.

Notes
Turn   | Place    | Note
-------+----------+-------------------------------------------
     0 | D:1      | avis the Demigod Ice Elementalist began the quest for the
                  | Orb.
     0 | D:1      | Reached XP level 1. HP: 14/14 MP: 5/5
   121 | D:1      | Reached skill level 1 in Fighting
   344 | D:1      | Reached XP level 2. HP: 23/23 MP: 4/7
   650 | D:1      | Reached skill level 4 in Ice Magic
  1189 | D:1      | Reached XP level 3. HP: 25/28 MP: 6/9
  1256 | D:1      | Learned a level 3 spell: Frozen Ramparts
  1260 | D:1      | Learned a level 3 spell: Ozocubu's Armour
  1645 | D:2      | Identified the +3 ring mail "Moeb" {rElec rC+ Dex+4}
  2444 | D:2      | Reached XP level 4. HP: 35/35 MP: 8/10
  2855 | D:3      | Noticed Sigmund
  2863 | D:3      | Killed Sigmund
  2864 | D:3      | Reached skill level 5 in Ice Magic
  2864 | D:3      | Reached skill level 1 in Armour
  2864 | D:3      | Reached XP level 5. HP: 33/41 MP: 12/12
  2965 | D:3      | Noticed Terence
  2995 | D:3      | Killed Terence
  3600 | D:3      | Reached XP level 6. HP: 48/48 MP: 13/13
  4030 | D:4      | Slain by an iguana

Illustrated notes

Levels and vault maps discovered:
D:1:      dpeg_arrival_round_a, layout_basic
D:2:      layout_basic
D:3:      layout_loops_ring, cheibrodos_sewer_entry_sluice,
          minmay_misc_feat_five, uniq_terence, uniq_sigmund
D:4:      minmay_diamond_boxcup, layout_cave_pools, nicolae_ossuary_entry_giza

Skill      XL: |  1  2  3  4  5 |
---------------+----------------+-----
Fighting       | 1 2 |  2.0
Ice Magic      | 4 5 |  5.7
Spellcasting   | 2 3 |  3.0
Dodging        | 2 |  2.0
Stealth        | 2 |  2.0
Armour         | 1 2 |  2.0

Action                   |  1- 3 |  4- 6 || total
-------------------------+-------+-------++-------
Melee: Short sword       |    13 |     1 ||    14
       War axe           |       |    51 ||    51
Throw: Dart              |     5 |       ||     5
 Cast: Freeze            |    80 |     7 ||    87
       Ozocubu's Armour  |     3 |    13 ||    16
       Frozen Ramparts   |     3 |    13 ||    16
 Stab: Sleeping          |       |     5 ||     5
Armor: Robe              |    10 |    21 ||    31
Dodge: Dodged            |    44 |    40 ||    84

Table legend: (Time is in decaauts)
 A = Elapsed time spent in this place.
 B = Non-inter-level travel time spent in this place.
 C = Inter-level travel time spent in this place.
 D = Time resting spent in this place.
 E = Time spent auto-exploring this place.
 F = Levels seen in this place.
 G = Mean time per level.
                   A        B        C        D        E       F      G
               +--------+--------+--------+--------+--------+-----+--------+
         Total |   4059 |   3704 |    355 |   1219 |   1499 |   4 | 1014.8 |
       Dungeon |   4059 |   3704 |    355 |   1219 |   1499 |   4 | 1014.8 |
               +--------+--------+--------+--------+--------+-----+--------+

Top non-repeatable levels by time:
     D:1: 1804 daAuts
     D:3: 1253 daAuts
     D:2: 908 daAuts
     D:4: 92 daAuts
